 Dungeon Crawl Stone Soup version 0.29-a0-72-g1732ff48e7 (webtiles) character file.

Game seed: 8462745049787316519

356 tatocazan the Covert (level 6, -2/32 HPs)
             Began as a Spriggan Brigand on Feb 3, 2022.
             Splashed by a jelly's acid (6 damage)
             ... on level 4 of the Dungeon.
             The game lasted 00:04:00 (3721 turns).

tatocazan the Covert (Spriggan Brigand)             Turns: 3721, Time: 00:04:00

Health: -2/32      AC: -5    Str:  7    XL:     6   Next: 36%
Magic:  7/7        EV: 16    Int: 12    God:
Gold:   149        SH:  0    Dex: 19    Spells: 5/5 levels left

rFire   . . .      SeeInvis +   d - +0 rapier
rCold   . . .      Faith    .   (no shield)
rNeg    + . .      Spirit   .   b - +0 robe
rPois   .          Reflect  .   (helmet restricted)
rElec   .          Harm     .   c - +0 cloak
rCorr   .          Rampage  .   (gloves unavailable)
Will    +....                   (boots unavailable)
Stlth   ++++......              (no amulet)
HPRegen 0.10/turn               k - ring of positive energy
MPRegen 0.10/turn               (no ring)

@: corroded, very quick
A: very small, no large weapons, unfitting armour, see invisible, speed 3
a: no special abilities


You were on level 4 of the Dungeon.
You visited 1 branch of the dungeon, and saw 4 of its levels.

You collected 149 gold pieces.

Inventory:

Hand Weapons
 a - a +2 dagger
 d - a +0 rapier (weapon)
Missiles
 m - 8 poisoned darts (quivered)
 r - 2 curare-tipped darts
Armour
 b - a +0 robe (worn)
 c - a +0 cloak (worn)
 o - a +0 buckler
Jewellery
 e - a ring of fire
 k - a ring of positive energy (left hand)
Scrolls
 f - 4 scrolls of identify {unknown}
 n - 3 scrolls of teleportation {unknown}
 p - a scroll of vulnerability {unknown}
Potions
 g - 4 potions of lignification {unknown}
 h - 2 potions of degeneration {unknown}
 i - 3 potions of curing {unknown}
 j - a potion of flight {unknown}
 l - a potion of mutation {unknown}
 q - a potion of haste {unknown}
 s - a potion of resistance {unknown}


   Skills:
 + Level 2.8 Fighting
 * Level 5.0 Short Blades
 - Level 2.0 Throwing
 - Level 1.3 Dodging
 * Level 8.8 Stealth


You had 5 spell levels left.
You didn't know any spells.
Your spell library was empty.

Dungeon Overview and Level Annotations

Branches:
Dungeon (4/15)
 Temple: D:4-7

Altars:


Innate Abilities, Weirdness & Mutations

You are very small and have problems with some larger weapons.
You are too small for most types of armour.
You have supernaturally acute eyesight. (SInv)
You cover ground extremely quickly. (Speed+++)


Message History

You climb upwards.
There is a stone staircase leading down here.
You start resting.
You are no longer corroded.
You start resting.
HP restored.
Health restored: 32 You climb downwards.
The jelly hits you but does no damage. The jelly hits you.
The acid corrodes you!
You are splashed with acid!
There is a stone staircase leading up here.
You take 8 damage, and have 24/32 hp.
MASSIVE DAMAGE!!
You hit the jelly.
Your hands burn!
The jelly is lightly wounded.
The jelly closely misses you.
You take 4 damage, and have 20/32 hp.
You hit the jelly. The acid corrodes you!
Your hands burn!
The jelly is moderately wounded.
The jelly barely misses you.
You take 1 damage, and have 19/32 hp.
You are too injured to fight recklessly!
You are too injured to fight recklessly!
You are too injured to fight recklessly!
You hit the jelly.
Your hands burn!
The jelly is moderately wounded.
You take 1 damage, and have 18/32 hp.
You hit the jelly but do no damage.
Your hands burn!
The jelly is moderately wounded.
The jelly barely misses you.
You take 4 damage, and have 14/32 hp.
You hit the jelly.
Your hands burn!
You punch the jelly, but do no damage.
The jelly is heavily wounded.
The jelly barely misses you.
You take 2 damage, and have 12/32 hp.
You hit the jelly but do no damage.
Your hands burn!
* * * LOW HITPOINT WARNING * * *
The jelly is heavily wounded.
The jelly hits you.
* * * LOW HITPOINT WARNING * * *
The acid corrodes you!
You are splashed with acid.
You die...

########
#.J....#
#@####.#
#.# #
#.# #.#
#.# #[#
#.# #.#
#.#


You could see a jelly.

Vanquished Creatures
  Eustachio (D:4)
  A necrophage (D:4)
  3 adders
  3 gnolls (D:2)
  4 worms (D:2)
  2 dart slugs (D:3)
  4 orcs (D:3)
  6 ball pythons
  2 endoplasms (D:1)
  4 giant cockroaches
  A goblin (D:1)
  5 hobgoblins
  2 jackals (D:3)
  3 quokkas
  3 bats
  4 frilled lizards
  5 kobolds
  3 rats
56 creatures vanquished.

Notes
Turn   | Place    | Note
-------+----------+-------------------------------------------
     0 | D:1      | tatocazan the Spriggan Brigand began the quest for the Orb.
     0 | D:1      | Reached XP level 1. HP: 10/10 MP: 2/2
   106 | D:1      | Reached skill level 6 in Stealth
   423 | D:1      | Reached XP level 2. HP: 15/15 MP: 3/3
  1089 | D:2      | Reached XP level 3. HP: 18/18 MP: 4/4
  1735 | D:2      | Reached skill level 7 in Stealth
  1771 | D:2      | Reached XP level 4. HP: 23/23 MP: 5/5
  2904 | D:4      | Noticed Eustachio
  2930 | D:4      | Killed Eustachio
  2931 | D:4      | Reached skill level 8 in Stealth
  2931 | D:4      | Reached XP level 5. HP: 17/27 MP: 6/6
  2931 | D:4      | Reached XP level 6. HP: 20/32 MP: 7/7
  3099 | D:4      | Reached skill level 5 in Short Blades
  3721 | D:4      | Splashed by a jelly's acid

Illustrated notes

Levels and vault maps discovered:
D:1:      lightli_arrival_quake, layout_basic
D:2:      layout_basic
D:3:      layout_loops_ring, minmay_distorted
D:4:      layout_basic, cheibrodos_worm_habitat, gammafunk_ghost_grave,
          eino_tiny_chamber, uniq_blork_the_orc, uniq_eustachio

Skill      XL: |  1  2  3  4  5  6 |
---------------+-------------------+-----
Stealth        | 6 7 8 |  8.8
Short Blades   | 3 4 5 |  5.0
Fighting       | 2 |  2.8
Throwing       | |  2.0
Dodging        | |  1.3

Action                   |  1- 3 |  4- 6 || total
-------------------------+-------+-------++-------
Melee: Dagger            |    99 |    70 ||   169
       Punch             |     1 |     2 ||     3
       Rapier            |       |    23 ||    23
Throw: Dart              |    11 |    10 ||    21
 Stab: Sleeping          |    11 |    10 ||    21
Armor: Robe              |     5 |     8 ||    13
Dodge: Dodged            |    61 |    44 ||   105

Table legend: (Time is in decaauts)
 A = Elapsed time spent in this place.
 B = Non-inter-level travel time spent in this place.
 C = Inter-level travel time spent in this place.
 D = Time resting spent in this place.
 E = Time spent auto-exploring this place.
 F = Levels seen in this place.
 G = Mean time per level.
                   A        B        C        D        E       F      G
               +--------+--------+--------+--------+--------+-----+--------+
         Total |   2994 |   2934 |     60 |   1191 |   1331 |   4 |  748.5 |
       Dungeon |   2994 |   2934 |     60 |   1191 |   1331 |   4 |  748.5 |
               +--------+--------+--------+--------+--------+-----+--------+

Top non-repeatable levels by time:
     D:2: 936 daAuts
     D:3: 705 daAuts
     D:1: 696 daAuts
     D:4: 656 daAuts
